 Dungeon Crawl Stone Soup version 0.31-a0-845-g9abc20d24f (webtiles) character file.

Game seed: 15989941193350341755

37 Nattfarinn the Stinger (level 3, -5/19 HPs)
             Began as a Gargoyle Venom Mage on Oct 3, 2023.
             Slain by a gnoll
             ... wielding a +0 flail
              (8 damage)
             ... on level 2 of the Dungeon.
             The game lasted 00:01:25 (1156 turns).

Nattfarinn the Stinger (Gargoyle Venom Mage)        Turns: 1156, Time: 00:01:25

Health: -5/19      AC:  5    Str: 11    XL:     3   Next: 39%
Magic:  7/7        EV: 11    Int: 17    God:
Gold:   50         SH:  0    Dex: 10    Spells: 6/7 levels left

rFire   . . .        (no weapon)
rCold   . . .        (no shield)
rNeg    + . .        a - +0 robe
rPois   ∞            (no helmet)
rElec   +            (no cloak)
rCorr   .            (no gloves)
SInv    .            (no boots)
Will    .....        e - amulet of magic regeneration
Stlth   ++           (no ring)
HPRegen 0.23/turn    (no ring)
MPRegen 0.50/turn

%: no passive effects
@: mighty
A: sickness immunity, AC +3, negative energy resistance 1, electricity
resistance, torment resistance 1, petrification resistance
a: no special abilities


You were on level 2 of the Dungeon.
You visited 1 branch of the dungeon, and saw 2 of its levels.

You collected 50 gold pieces.

Inventory:

Armour
 a - a +0 robe (worn)
Jewellery
 e - an amulet of magic regeneration (around neck)
Scrolls
 c - a scroll of summoning {unknown}
 d - a scroll of enchant armour {unknown}
 f - a scroll of revelation {unknown}
 g - a scroll of noise {unknown}
 h - a scroll of teleportation {unknown}
Potions
 b - a potion of magic
 i - a potion of might
 j - a potion of cancellation {unknown}


   Skills:
 - Level 1.5 Dodging
 - Level 2.1 Stealth
 + Level 2.8 Spellcasting
 - Level 0.7 Transmutations
 + Level 3.7 Poison Magic


You had 6 spell levels left.
You knew the following spells:

 Your Spells              Type           Power      Damage    Failure   Level
a - Sting                 Tmut/Pois      36%        1d4       7%          1

Your spell library contained the following spells:

 Spells                   Type           Power      Damage    Failure   Level
 Poisonous Vapours        Pois/Air       16%        N/A       13%         2
 Magic Dart               Conj           8%         1d3       19%         1
 Searing Ray              Conj           4%         2d4       26%         2
 Mephitic Cloud           Conj/Pois/Air  6%         N/A       32%         3
 Olgreb's Toxic Radiance  Pois           15%        N/A       36%         4
 Fulminant Prism          Conj/Hex       1%         3d5       87%         4


Dungeon Overview and Level Annotations

Branches:
Dungeon (2/15)

Altars:


Innate Abilities, Weirdness & Mutations

You are immune to sickness and miasma.
Your stone body is resilient. (AC +3)
You are immune to poison.
You resist negative energy. (rN+)
You are resistant to electric shocks. (rElec)
You are resistant to unholy torment.
You are immune to petrification.


Message History

A ball python comes into view.
A ball python is nearby!
A ball python is nearby!
You miscast Sting.
You are very lightly contaminated with residual magic.
Nothing appears to happen.
The ball python hisses angrily.
The ball python bites you. The ball python closely misses you.
The sting hits the ball python.
The ball python is poisoned.
The ball python is heavily wounded.
You kill the ball python!
You can't see any susceptible monsters within range! (Use Z to cast anyway.)
You see here a ball python corpse.
Your magical contamination has completely faded away. 2 gnolls come into view.
There are monsters nearby!
There are monsters nearby!
A gnoll comes into view. It is wielding a +0 flail.
The sting hits the gnoll.
The gnoll is poisoned.
The gnoll is moderately wounded.
The gnoll shouts! x2; You hear a shout!
The gnoll misses you.
The sting misses the gnoll.
The gnoll hits you from afar with a +0 spear.
The sting hits the gnoll.
The gnoll looks even sicker.
The gnoll is moderately wounded.
The gnoll hits you from afar with a +0 spear.
A gnoll comes into view. It is wielding a +0 spear.
The sting misses the gnoll.
The gnoll hits you from afar with a +0 spear.
You are too injured to fight recklessly!
The gnoll attacks as it pursues you!
The gnoll hits you from afar with a +0 spear.
* * * LOW HITPOINT WARNING * * *
You kill the gnoll!
The gnoll hits you but does no damage.
It was a potion of might.
You feel very mighty all of a sudden. The gnoll hits you with a +0 flail!
You die...

### #############.##
#...........†..#
#.###########.## #.# #.#
#.# #.# #.# #.#
#######.###########.#
..####...g@..<........##†#
#........g..#########.##.##
..####.)##### #........
.g...g....# #.#.##.##
........#.# ###.#.##.##
#######.#.#######..........
#.#.........#.#.####.
#.#########.#.#.## #. #.#
#.#....# #.


You could see 3 gnolls.

Vanquished Creatures
  A gnoll (D:2)
  2 worms (D:2)
  A dart slug (D:1)
  4 bats
  An endoplasm (D:1)
  A giant cockroach (D:1)
  2 kobolds
  A quokka (D:1)
  2 ball pythons (D:2)
  A frilled lizard (D:2)
  2 goblins
  4 rats
22 creatures vanquished.

Notes
Turn   | Place    | Note
-------+----------+-------------------------------------------
     0 | D:1      | Nattfarinn the Gargoyle Venom Mage began the quest for the
                  | Orb.
     0 | D:1      | Reached XP level 1. HP: 10/10 MP: 3/3
   193 | D:1      | Reached XP level 2. HP: 15/15 MP: 0/5
  1056 | D:2      | Reached XP level 3. HP: 19/19 MP: 3/6
  1156 | D:2      | Slain by a gnoll

Illustrated notes

Levels and vault maps discovered:
D:1:      minmay_arrival_four_houses, layout_basic
D:2:      layout_loops_ring, serial_bayou_crossing

Action                     || total
---------------------------++-------
  Melee: Unarmed           ||     2
   Cast: Sting             ||    43
    Use: Potion            ||     1
 Armour: Robe              ||    15
  Dodge: Dodged            ||    13

Table legend: (Time is in decaauts)
 A = Elapsed time spent in this place.
 B = Non-inter-level travel time spent in this place.
 C = Inter-level travel time spent in this place.
 D = Time resting spent in this place.
 E = Time spent auto-exploring this place.
 F = Levels seen in this place.
 G = Mean time per level.
                   A        B        C        D        E       F      G
               +--------+--------+--------+--------+--------+-----+--------+
         Total |   1160 |   1123 |     37 |      0 |    969 |   2 |  580.0 |
       Dungeon |   1160 |   1123 |     37 |      0 |    969 |   2 |  580.0 |
               +--------+--------+--------+--------+--------+-----+--------+

Top non-repeatable levels by time:
     D:1: 904 daAuts
     D:2: 256 daAuts
